 Dungeon Crawl Stone Soup version 0.32-a0-931-g5a2cda0630 (webtiles) character file.

Game seed: 4533976014503560693

280 runemasterragnar the Shooter (level 6, -3/47 HPs)
             Began as a Coglin Hunter on Apr 14, 2024.
             Slain by an ogre
             ... wielding a +0 giant spiked club
              (33 damage)
             ... on level 4 of the Dungeon.
             The game lasted 00:02:59 (2116 turns).

runemasterragnar the Shooter (Coglin Hunter)        Turns: 2116, Time: 00:03:00

Health: -3/47      AC:  3    Str: 11    XL:     6   Next: 27%
Magic:  6/6        EV: 12    Int:  8    God:
Gold:   202        SH:  0    Dex: 20    Spells: 2/5 levels left

rFire   . . .        a - +2 sling {Tiberius}
rCold   . . .        d - +0 sling {Quintus}
rNeg    . . .        c - +0 leather armour
rPois   .            (no helmet)
rElec   .            (no cloak)
rCorr   .            (no gloves)
SInv    .            (no boots)
Will    .....        (amulet unavailable)
Stlth   ++           (ring unavailable)
HPRegen 0.27/turn    (ring unavailable)
MPRegen 0.10/turn    (no gizmo)

%: no passive effects
@: revved
A: off-hand wielding, slow wielding, warmup strikes, no jewellery
a: Invent Gizmo


You were on level 4 of the Dungeon.
You visited 1 branch of the dungeon, and saw 4 of its levels.

You collected 202 gold pieces.

Inventory:

Hand Weapons
 a - a +2 sling (weapon) {Tiberius}
 d - a +0 sling (offhand) {Quintus}
Armour
 c - a +0 leather armour (worn)
Scrolls
 b - a scroll of butterflies
 g - 2 scrolls of poison
 h - a scroll of enchant armour {unknown}
 l - a scroll of identify
Potions
 e - a potion of cancellation
 f - a potion of enlightenment {unknown}
 i - a potion of haste {unknown}
 j - 2 potions of curing
 k - a potion of heal wounds {unknown}


   Skills:
 + Level 3.3 Fighting
 * Level 5.0 Ranged Weapons
 + Level 3.0 Dodging
 + Level 2.3 Stealth


You had 2 spell levels left.
You knew the following spells:

 Your Spells              Type           Power      Damage    Failure   Level
a - Fugue of the Fallen   Necr           0%         N/A       86%         3

Your spell library contained the following spells:

 Spells                   Type           Power      Damage    Failure   Level
 Freeze                   Ice            0%         1d3       50%         1
 Magic Dart               Conj           0%         1d3       50%         1
 Blink                    Tloc           0%         N/A       65%         2
 Ensorcelled Hibernation  Hex/Ice        0%         N/A       65%         2
 Lesser Beckoning         Tloc           0%         N/A       65%         2
 Momentum Strike          Conj/Tloc      0%         3d8       65%         2
 Searing Ray              Conj           0%         2d4       65%         2
 Frozen Ramparts          Ice            0%         1d1       86%         3
 Hailstorm                Conj/Ice       0%         3d5       86%         3
 Anguish                  Hex/Necr       0%         N/A       99%         4
 Fulminant Prism          Conj/Alch      0%         3d5       99%         4


Dungeon Overview and Level Annotations

Branches:
Dungeon (4/15)
 Temple: D:4-7

Altars:
Ashenzari
Nemelex Xobeh
Ru
The Shining One

Shops:
D:4 [


Innate Abilities, Weirdness & Mutations

You can wield a second weapon in your off-hand.
It takes a long time for you to wield or remove held weapons.
Your first few attacks do less damage.
You cannot equip rings or amulets.


Message History

The ogre shouts!
The sling bullet hits the ogre.
The ogre is moderately wounded.
An orc comes into view. It is wielding a +0 club.
You shoot a sling bullet. The orc shouts!
The sling bullet hits the orc.
The orc is heavily wounded.
You shoot a sling bullet. The sling bullet barely misses the orc.
An endoplasm comes into view.
Unknown command.
The endoplasm quivers.
Fire: a) +2 sling {Tiberius}
Press: ? - help, Q - select action Shift-Dir - straight line, f/p - orc
Aim: an orc, wielding a +0 club (heavily wounded, 65% to hit)
You shoot a sling bullet. The sling bullet hits the ogre.
The ogre is moderately wounded.
You shoot a sling bullet.
The sling bullet barely misses the ogre.
The sling bullet barely misses the orc.
Fire: a) +2 sling {Tiberius}
Press: ? - help, Q - select action Shift-Dir - straight line, f/p - orc
Aim: an orc, wielding a +0 club (heavily wounded, 65% to hit)
You shoot a sling bullet. The sling bullet hits the ogre.
The ogre is heavily wounded.
You shoot a sling bullet. The sling bullet hits the ogre.
The ogre is heavily wounded.
The ogre hits you with a +0 giant spiked club!!
Unknown command.
Fire: a) +2 sling {Tiberius}
Press: ? - help, Q - select action Shift-Dir - straight line, f/p - orc
Aim: an orc, wielding a +0 club (heavily wounded, 65% to hit)
You shoot a sling bullet. The sling bullet hits the ogre.
The ogre is severely wounded.
You shoot a sling bullet.
The sling bullet hits the ogre but does no damage.
The ogre is severely wounded.
The ogre hits you with a +0 giant spiked club!!
Ouch! That really hurt!
You die...

## ##..
##...###.. #.
#...##.#
##...# _.
#.######..###
.####
#........##
'#..
#######..#
'.'. #..##
##.#
#...###.#
#..@OoJ.#
######.##
#.....#
#######


You could see an ogre, an orc and an endoplasm.

Vanquished Creatures
  2 bombardier beetles (D:4)
  An orc wizard (D:3)
  5 gnolls
  6 adders
  2 ribbon worms (D:3)
  4 dart slugs
  6 orcs
  4 ball pythons
  6 bats
  6 endoplasms
  5 giant cockroaches
  5 hobgoblins
  4 quokkas
  6 frilled lizards
  4 goblins
  8 kobolds
  3 rats
77 creatures vanquished.

Notes
Turn   | Place    | Note
-------+----------+-------------------------------------------
     0 | D:1      | runemasterragnar the Coglin Hunter began the quest for the
                  | Orb.
     0 | D:1      | Reached XP level 1. HP: 16/16 MP: 1/1
    64 | D:1      | Reached skill level 1 in Stealth
    73 | D:1      | Reached XP level 2. HP: 22/22 MP: 2/2
   191 | D:1      | Reached skill level 4 in Ranged Weapons
   191 | D:1      | Reached XP level 3. HP: 27/27 MP: 3/3
   680 | D:2      | Found a sacrificial altar of Ru.
   840 | D:2      | Reached XP level 4. HP: 34/34 MP: 4/4
  1219 | D:3      | Learned a level 3 spell: Fugue of the Fallen
  1267 | D:3      | Reached XP level 5. HP: 40/40 MP: 5/5
  1454 | D:3      | Found a faded altar of an unknown god.
  1557 | D:3      | Found a glowing golden altar of the Shining One.
  1860 | D:4      | Found a broken altar of Ashenzari.
  1872 | D:4      | Noticed an ogre
  1897 | D:4      | Found Monac's Armour Shoppe.
  1980 | D:4      | Reached XP level 6. HP: 47/47 MP: 6/6
  2052 | D:4      | Reached skill level 5 in Ranged Weapons
  2107 | D:4      | Found a sparkling altar of Nemelex Xobeh.
  2116 | D:4      | Slain by an ogre

Illustrated notes

Levels and vault maps discovered:
D:1:      minmay_arrival_checkered_box, layout_loops_ring, minmay_pentomino_s4
D:2:      layout_basic, basic_altar
D:3:      layout_basic, mainiacjoe_overflow_cross_hatched,
          hellmonk_ecumenical_altar_prayer_group
D:4:      minmay_chambers_of_twos, layout_rooms, nemelex_dance_club_becter,
          nicolae_ashenzari_panopticon, serial_shops, nicolae_stop_n_shop_2,
          nicolae_take_the_stairs, corexii_corridor_pit,
          nicolae_figureground_sparkle, uniq_sigmund, uniq_robin, uniq_grinder

Skill      XL: |  1  2  3  4  5  6 |
---------------+-------------------+-----
Stealth        | 1 2 |  2.3
Dodging        | 2 3 |  3.0
Ranged Weapons | 4 5 |  5.0
Fighting       | 3 |  3.3

Action                     |  1- 3 |  4- 6 || total
---------------------------+-------+-------++-------
   Fire: Sling             |   144 |   252 ||   396
    Use: Scroll            |       |     3 ||     3
 Armour: Leather armour    |     5 |    31 ||    36
  Dodge: Dodged            |     3 |    21 ||    24

Table legend: (Time is in decaauts)
 A = Elapsed time spent in this place.
 B = Non-inter-level travel time spent in this place.
 C = Inter-level travel time spent in this place.
 D = Time resting spent in this place.
 E = Time spent auto-exploring this place.
 F = Levels seen in this place.
 G = Mean time per level.
                   A        B        C        D        E       F      G
               +--------+--------+--------+--------+--------+-----+--------+
         Total |   2162 |   1997 |    165 |      0 |   1588 |   4 |  540.5 |
       Dungeon |   2162 |   1997 |    165 |      0 |   1588 |   4 |  540.5 |
               +--------+--------+--------+--------+--------+-----+--------+

Top non-repeatable levels by time:
     D:3: 769 daAuts
     D:1: 684 daAuts
     D:2: 520 daAuts
     D:4: 188 daAuts
